[Event "Team 45 45 League T48"]
[Site "Internet Chess Club"]
[Date "2011.03.18"]
[Round "6"]
[White "PandorasBox"]
[Black "DreamCatcher13"]
[Result "1/2-1/2"]
[WhiteElo "1929"]
[BlackElo "1940"]
[Opening "English opening"]
[ECO "A20"]
[Time "18:01:09"]
[TimeControl "2700+45"]

1. c4 e5 2. g3 Nf6 3. Bg2 c6 4. d4 exd4 5. Qxd4 d5 6. cxd5 cxd5 7. Nf3 Be7 8.
O-O Nc6 9. Qa4 O-O 10. Nc3 Be6 11. Be3 Ng4 12. Bd2 Bc5 13. Ng5 Nce5 14. h3 Nc4
15. Qc2 Nf6 16. Nxe6 fxe6 17. Bg5 Qd6 18. Bxf6 Rxf6 19. Ne4 dxe4 20. Qxc4 Rc8
21. Qxe4 Qxg3 22. e3 Qd6 23. Rfd1 Qf8 24. Rd2 Bb4 25. Rc2 Rxc2 26. Qxc2 Rg6 27.
Kh1 {Game drawn by mutual agreement} 1/2-1/2

[Event "Team 45 45 League T48"]
[Site "Internet Chess Club"]
[Date "2011.03.20"]
[Round "6"]
[White "bshribharath"]
[Black "byebyebadman"]
[Result "1-0"]
[WhiteElo "1746"]
[BlackElo "1850"]
[Opening "Queen's pawn game"]
[ECO "A46"]
[Time "06:05:04"]
[TimeControl "2700+45"]

1. d4 Nf6 2. Nf3 c5 3. c3 e6 4. Bg5 cxd4 5. cxd4 Qb6 6. Qc2 Nc6 7. Bxf6 gxf6 8.
e3 d5 9. Nc3 Bd7 10. Be2 Rc8 11. O-O Na5 12. Nd2 f5 13. f4 h5 14. a3 Bd6 15. b4
Nc6 16. Na4 Nxd4 17. Qxc8+ Bxc8 18. Nxb6 Nxe2+ 19. Kf2 axb6 20. Kxe2 Bd7 21.
Rfc1 Rg8 22. Kf2 Ke7 23. Nf3 Rc8 24. Rxc8 Bxc8 25. Ne5 f6 26. Rc1 fxe5 27. Rxc8
exf4 28. exf4 Bxf4 29. g3 Kd7 30. Rh8 Bc1 31. a4 Ba3 32. b5 Bc5+ 33. Ke2 Kd6 34.
Rxh5 Bd4 35. Rh7 Kc5 36. Kd3 Bg1 37. Rh4 e5 38. Rh5 e4+ 39. Ke2 Kd4 40. Rxf5
Bxh2 41. g4 Kc4 42. g5 Bg1 43. g6 Bd4 44. Rf7 Kb4 45. Rxb7 Kxa4 46. Rxb6 Bxb6
47. g7 Kxb5 48. g8=Q {Black resigns} 1-0

[Event "Team 45 45 League T48"]
[Site "Internet Chess Club"]
[Date "2011.03.19"]
[Round "6"]
[White "GeorgeCostanza"]
[Black "Ivio"]
[Result "1/2-1/2"]
[WhiteElo "1818"]
[BlackElo "1809"]
[Opening "Queen's gambit declined"]
[ECO "D30"]
[Time "13:02:07"]
[TimeControl "2700+45"]

1. d4 d5 2. c4 e6 3. Nf3 Nf6 4. g3 c6 5. Bg2 Bb4+ 6. Bd2 Bd6 7. Qc2 Nbd7 8. cxd5
exd5 9. O-O O-O 10. Bf4 Qc7 11. Bxd6 Qxd6 12. Rc1 Re8 13. e3 h6 14. Nbd2 Nf8 15.
Ne5 N8d7 16. Nd3 Nf8 17. Ne5 Ng4 18. Ndf3 Nxe5 19. Nxe5 Nd7 20. Nd3 Qg6 21. b4
Nf6 22. Ne5 Qxc2 23. Rxc2 Bf5 24. Rcc1 a6 25. a3 {Game drawn by mutual
agreement} 1/2-1/2

[Event "Team 45 45 League T48"]
[Site "Internet Chess Club"]
[Date "2011.03.20"]
[Round "6"]
[White "hcube"]
[Black "rahulr"]
[Result "0-1"]
[WhiteElo "1627"]
[BlackElo "1625"]
[Opening "King's Indian: Kramer system"]
[ECO "E70"]
[Time "19:00:14"]
[TimeControl "2700+45"]

1. d4 Nf6 2. c4 g6 3. Nc3 Bg7 4. e4 d6 5. Nge2 O-O 6. Ng3 Nbd7 7. Be2 c5 8. d5
h5 9. Bg5 Ne5 10. f4 Neg4 11. Qd2 Nh7 12. O-O Bd4+ 13. Kh1 Nf2+ 14. Rxf2 Bxf2
15. Rf1 Bxg3 16. hxg3 Nxg5 17. fxg5 Kg7 18. Qf4 f5 19. e5 a6 20. e6 Rh8 21. Kg1
Qb6 22. Nd1 Qa5 23. a3 b5 24. g4 hxg4 25. cxb5 axb5 26. Bxg4 Qa4 27. b4 Bb7 28.
Bf3 Qxa3 29. bxc5 Qxc5+ 30. Ne3 Ra4 {White resigns} 0-1

[Event "Team 45 45 League T48"]
[Site "Internet Chess Club"]
[Date "2011.03.19"]
[Round "6"]
[White "frank001"]
[Black "Caminator"]
[Result "0-1"]
[WhiteElo "1610"]
[BlackElo "1868"]
[Opening "French: advance, Paulsen attack"]
[ECO "C02"]
[Time "23:03:36"]
[TimeControl "2700+45"]

1. e4 e6 2. d4 d5 3. e5 c5 4. c3 Nc6 5. Nf3 Qb6 6. a3 a5 7. b3 cxd4 8. cxd4 Nge7
9. Nc3 Nf5 10. Nb5 Bd7 11. g4 Nh6 12. h3 Nxe5 13. Nxe5 Bxb5 14. Be2 Bxe2 15.
Qxe2 Bd6 16. Bxh6 gxh6 17. O-O Ke7 18. Qf3 Rhf8 19. Qg3 Qxd4 20. Qh4+ f6 21. Nf3
Qf4 22. Kg2 e5 23. Rh1 Ke6 24. Rae1 Bxa3 {White resigns} 0-1

[Event "Team 45 45 League T48"]
[Site "Internet Chess Club"]
[Date "2011.03.19"]
[Round "6"]
[White "avila"]
[Black "jjmolina"]
[Result "1/2-1/2"]
[WhiteElo "1858"]
[BlackElo "1739"]
[Opening "Ruy Lopez: closed, Chigorin, 12...c5d4"]
[ECO "C99"]
[Time "12:53:21"]
[TimeControl "2700+45"]

1. e4 e5 2. Nf3 Nc6 3. Bb5 a6 4. Ba4 Nf6 5. O-O Be7 6. Re1 b5 7. Bb3 d6 8. c3
O-O 9. h3 Na5 10. Bc2 c5 11. d4 Qc7 12. Nbd2 cxd4 13. cxd4 Nc6 14. d5 Nb4 15.
Bb1 a5 16. Nf1 Bd7 17. a3 Na6 18. Be3 Rfc8 19. Bd3 Qb7 20. Qd2 Nc5 21. Bxc5 Rxc5
22. Rec1 Rxc1 23. Rxc1 Qb6 24. Ng3 Rc8 25. Rxc8+ Bxc8 26. Qc2 Bd7 27. b3 Ne8
{Game drawn by mutual agreement} 1/2-1/2

[Event "Team 45 45 League T48"]
[Site "Internet Chess Club"]
[Date "2011.03.22"]
[Round "6"]
[White "acejackace"]
[Black "soccerisfun"]
[Result "1-0"]
[WhiteElo "1501"]
[BlackElo "1792"]
[Opening "Réti opening"]
[ECO "A05"]
[Time "21:30:28"]
[TimeControl "2700+45"]

1. Nf3 Nf6 2. g3 Nc6 3. Bg2 e5 4. d3 d5 5. Nbd2 Bc5 6. O-O h6 7. e4 d4 8. a3 Be6
9. b4 Bd6 10. Nb3 Qd7 11. b5 Ne7 12. a4 Ng6 13. Na5 Qc8 14. Qe1 Bd7 15. c4 Bc5
16. Nb3 Be7 17. Bd2 Bh3 18. Qc1 Nh5 19. c5 Qg4 20. Ne1 Bxg2 21. Nxg2 O-O 22. c6
b6 23. a5 Bg5 24. f3 Qe6 25. Qb2 Bxd2 26. Nxd2 Qh3 27. g4 Nhf4 28. Nxf4 Nxf4 29.
Nc4 Rae8 30. axb6 axb6 31. Qd2 Ng6 32. Ra7 Nh4 33. Qf2 Re6 34. Rxc7 Rfe8 35. Qg3
Qxg3+ 36. hxg3 Ng6 37. Nxb6 Rb8 38. Rc8+ Re8 39. Rxe8+ Rxe8 40. Ra1 Re7 41. Nd5
Re8 42. c7 Kf8 43. b6 Ne7 44. b7 {Black resigns} 1-0

[Event "Team 45 45 League T48"]
[Site "Internet Chess Club"]
[Date "2011.03.19"]
[Round "6"]
[White "chessrabbit"]
[Black "IceBox"]
[Result "0-1"]
[WhiteElo "1595"]
[BlackElo "1752"]
[Opening "French: Alapin variation"]
[ECO "C01"]
[Time "17:04:02"]
[TimeControl "2700+45"]

1. e4 e6 2. d4 d5 3. Be3 dxe4 4. Nd2 Nf6 5. f3 Nd5 6. Qe2 Nc6 7. c3 exf3 8.
Ngxf3 Be7 9. Ne4 O-O 10. h4 Nxe3 11. Qxe3 Bd6 12. O-O-O Ne7 13. g4 Nd5 14. Qd3
Bf4+ 15. Kb1 b6 16. Neg5 g6 17. Re1 Bb7 18. Nh3 Bg3 19. Re2 Nf4 20. Nxf4 Bxf4
21. h5 g5 22. Rh3 h6 23. Ne5 c5 24. Ng6 Re8 25. Nxf4 gxf4 26. Bg2 Bxg2 27. Rxg2
Qg5 28. Qe4 cxd4 29. cxd4 Rad8 30. Rf3 e5 31. dxe5 Rxe5 32. Qxf4 Re1+ 33. Kc2
Qc5+ 34. Rc3 Qd5 35. Qf3 Qxa2 36. Re2 Rc1+ 37. Kxc1 Qa1+ 38. Kc2 Qd1# {White
checkmated} 0-1

[Event \"Team 45 45 League T48\"]\n[Site \"Internet Chess Club\"]\n[Date \"2011.03.19\"]\n[Round \"6\"]\n[White \"CamLeslie\"]\n[Black \"hewdondada\"]\n[Result \"1-0\"]\n[WhiteElo \"1961\"]\n[BlackElo \"1793\"]\n[Opening \"Scandinavian (center counter) defense\"]\n[ECO \"B01\"]\n[Time \"17:00:39\"]\n[TimeControl \"2700+45\"]\n\n1. e4 {0:45:43} d5 {0:45:42} 2. exd5 {0:46:17} Qxd5 {0:46:25} 3. Nc3\n{0:47:01} Qa5 {0:47:08} 4. d4 {0:47:42} c6 {0:47:51} 5. Nf3 {0:48:26} Nf6\n{0:48:34} 6. Ne5 {0:49:10} Nbd7 {0:48:24} 7. Nc4 {0:47:31} Qc7 {0:41:25} 8.\nQf3 {0:45:15} e5 {0:38:23} 9. dxe5 {0:44:03} Nxe5 {0:39:02} 10. Qe2\n{0:44:32} Bd6 {0:24:28} 11. Nxd6+ {0:41:24} Qxd6 {0:25:05} 12. f4 {0:41:59}\nBg4 {0:23:53} 13. Qxe5+ {0:42:16} Qxe5+ {0:24:29} 14. fxe5 {0:42:59} Nd7\n{0:24:35} 15. Bf4 {0:42:28} Nc5 {0:24:21} 16. Be2 {0:42:32} Bf5 {0:24:36}\n17. O-O-O {0:43:05} O-O {0:25:20} 18. Be3 {0:42:39} Ne6 {0:25:52} 19. g4\n{0:43:13} Bg6 {0:26:24} 20. h4 {0:43:29} h6 {0:26:15} 21. Bd3 {0:44:09} b6\n{0:26:20} 22. Bf5 {0:44:11} {Black resigns} 1-0\n
[Event \"Team 45 45 League T48\"]\n[Site \"Internet Chess Club\"]\n[Date \"2011.03.19\"]\n[Round \"6\"]\n[White \"chrisgianno\"]\n[Black \"RamRock\"]\n[Result \"0-1\"]\n[WhiteElo \"1562\"]\n[BlackElo \"1921\"]\n[Opening \"English opening\"]\n[ECO \"A32\"]\n[Time \"11:02:29\"]\n[TimeControl \"2700+45\"]\n\n1. c4 {0:45:27} Nf6 {0:45:40} 2. Nc3 {0:46:06} e6 {0:46:23} 3. Nf3 {0:46:11}\nc5 {0:45:10} 4. d4 {0:44:46} cxd4 {0:45:21} 5. Nxd4 {0:44:55} a6 {0:41:48}\n6. e4 {0:44:45} Nc6 {0:41:58} 7. Be2 {0:44:11} Bb4 {0:40:29} 8. Bg5\n{0:42:02} Bxc3+ {0:40:09} 9. bxc3 {0:42:40} Qa5 {0:38:56} 10. Nf3 {0:31:28}\nNxe4 {0:37:45} 11. Qc1 {0:29:14} Qxc3+ {0:33:43} 12. Qxc3 {0:28:20} Nxc3\n{0:33:27} 13. Bd1 {0:26:04} Nxd1 {0:32:49} 14. Rxd1 {0:26:47} O-O {0:32:40}\n15. c5 {0:27:15} f6 {0:32:19} 16. Bc1 {0:26:38} Rb8 {0:31:52} 17. O-O\n{0:26:31} b6 {0:32:07} 18. cxb6 {0:27:02} Rxb6 {0:32:38} 19. Ba3 {0:27:43}\nRe8 {0:33:02} 20. Rd6 {0:27:58} Rb5 {0:32:31} 21. Rfd1 {0:26:54} Ra5\n{0:32:02} 22. Bb2 {0:25:43} Rxa2 {0:32:09} 23. Ba1 {0:26:24} Na5 {0:31:41}\n24. h4 {0:24:52} Nc4 {0:31:55} 25. R6d4 {0:25:02} d5 {0:32:03} 26. h5\n{0:24:04} a5 {0:31:29} 27. g4 {0:24:29} a4 {0:28:29} 28. g5 {0:25:00} Ra3\n{0:28:34} 29. Kg2 {0:23:43} Rb3 {0:28:13} 30. gxf6 {0:23:16} gxf6 {0:28:53}\n31. Rg4+ {0:23:55} Kf7 {0:29:30} 32. Rf4 {0:24:21} e5 {0:29:36} 33. Nxe5+\n{0:18:03} Nxe5 {0:30:02} 34. Re1 {0:18:42} Rg8+ {0:28:01} 35. Kf1 {0:19:15}\nBa6+ {0:28:05} 36. Re2 {0:19:36} Rb1# {0:28:44} {White checkmated} 0-1\n
[Event \"Team 45 45 League T48\"]\n[Site \"Internet Chess Club\"]\n[Date \"2011.03.21\"]\n[Round \"6\"]\n[White \"otherook\"]\n[Black \"L0-VE\"]\n[Result \"0-1\"]\n[WhiteElo \"1723\"]\n[BlackElo \"1847\"]\n[Opening \"English: Anglo-Dutch defense\"]\n[ECO \"A10\"]\n[Time \"15:07:20\"]\n[TimeControl \"2700+45\"]\n\n1. c4 {0:45:36} f5 {0:42:48} 2. g3 {0:45:57} Nf6 {0:43:17} 3. Bg2 {0:46:39}\ng6 {0:43:44} 4. b3 {0:47:09} Nc6 {0:44:18} 5. Bb2 {0:47:51} Bg7 {0:45:00} 6.\nNf3 {0:48:20} O-O {0:45:28} 7. O-O {0:48:57} d6 {0:46:10} 8. d3 {0:48:39} e5\n{0:46:49} 9. Nbd2 {0:48:58} Be6 {0:47:11} 10. e3 {0:48:10} Qe8 {0:47:03} 11.\na3 {0:45:57} h6 {0:47:35} 12. Qc2 {0:46:31} g5 {0:48:04} 13. d4 {0:44:48} e4\n{0:48:07} 14. Nxg5 {0:44:58} hxg5 {0:48:28} 15. d5 {0:45:40} Nxd5 {0:48:57}\n16. Bxg7 {0:41:46} Nxe3 {0:46:49} 17. Qc3 {0:42:21} Nxf1 {0:45:49} 18. Bxf8\n{0:42:45} Qxf8 {0:45:57} 19. Nxf1 {0:43:12} Qg7 {0:46:00} 20. Qxg7+\n{0:43:47} Kxg7 {0:46:43} 21. Ne3 {0:44:29} a5 {0:45:39} 22. Rd1 {0:44:51} a4\n{0:46:10} 23. b4 {0:45:33} Ne5 {0:46:34} 24. c5 {0:46:05} dxc5 {0:46:35} 25.\nbxc5 {0:46:20} Bb3 {0:46:44} 26. Rd4 {0:45:27} Kf6 {0:47:17} 27. Nxf5\n{0:45:52} Nc6 {0:45:16} 28. Rxe4 {0:46:05} Kxf5 {0:45:52} 29. g4+ {0:46:48}\nKf6 {0:46:23} 30. Re3 {0:47:20} Rd8 {0:46:15} {White resigns} 0-1\n

[Event "Team 45 45 League T48"]
[Site "Internet Chess Club"]
[Date "2011.03.19"]
[Round "6"]
[White "Tobiasdelmonte"]
[Black "SaltofLife"]
[Result "1/2-1/2"]
[WhiteElo "1838"]
[BlackElo "1788"]
[Opening "Réti: King's Indian attack (with ...c5)"]
[ECO "A08"]
[Time "17:05:56"]
[TimeControl "2700+45"]

1. Nf3 c5 2. g3 d5 3. c4 d4 4. Bg2 Nc6 5. O-O g6 6. d3 Bg7 7. e4 dxe3 8. fxe3 e6
9. Nc3 Rb8 10. Ne4 b6 11. Nfg5 Nh6 12. Nxc5 Ne5 13. Qa4+ Nd7 14. Ncxe6 fxe6 15.
Nxe6 Qe7 16. Nc7+ Kd8 17. Nd5 Nc5 18. Nxe7 Nxa4 19. Nc6+ Kc7 20. Nxb8 Kxb8 21.
d4 Bb7 22. Bh3 Rf8 23. Rxf8+ Bxf8 24. Bd7 b5 25. c5 a6 26. h3 Kc7 27. Be6 Be4
28. g4 Kc6 29. Kf2 Be7 30. Kg3 Bg5 31. h4 Bd8 32. Kf4 Bd5 33. Bxd5+ Kxd5 34. Kg3
Ng8 35. g5 Ke4 36. b3 Nc3 37. Bd2 Nd5 38. Rf1 Nge7 39. Rf8 Bc7+ 40. Kf2 Nf5 41.
Re8+ Kd3 42. e4 Bg3+ 43. Kg2 Nc7 44. Rc8 Kxe4 45. Ba5 Nd5 46. c6 Bf4 47. c7 Kd3
48. h5 Nxd4 49. hxg6 hxg6 50. Rg8 Nxc7 51. Rxg6 Nce6 52. Bb6 Bxg5 53. Kf1 Bd2
54. Bxd4 Nxd4 55. Rxa6 b4 56. a3 {Game drawn by mutual agreement} 1/2-1/2

[Event "Team 45 45 League T48"]
[Site "Internet Chess Club"]
[Date "2011.03.21"]
[Round "6"]
[White "smitty120"]
[Black "pawnislander2"]
[Result "0-1"]
[WhiteElo "1878"]
[BlackElo "1934"]
[Opening "Pirc: Austrian attack, dragon formation"]
[ECO "B09"]
[Time "19:01:48"]
[TimeControl "2700+45"]

1. e4 d6 2. d4 Nf6 3. Nc3 g6 4. f4 Bg7 5. Nf3 c5 6. dxc5 Qa5 7. Bd3 Qxc5 8. Qe2
Bg4 9. Be3 Qa5 10. O-O O-O 11. h3 Bxf3 12. Qxf3 Nc6 13. Ne2 Nd7 14. c3 Nde5 15.
fxe5 Nxe5 16. Qg3 Nxd3 17. b4 Qa6 18. Nd4 Ne5 19. Bg5 Rfe8 20. b5 Qb6 21. Kh1 h6
22. Bf4 Rac8 23. h4 h5 24. Rf2 Ng4 {White resigns} 0-1

[Event "Team 45 45 League T48"]
[Site "Internet Chess Club"]
[Date "2011.03.18"]
[Round "6"]
[White "gaibo4ever"]
[Black "Twan709"]
[Result "1-0"]
[WhiteElo "2093"]
[BlackElo "1904"]
[Opening "Sicilian: Sveshnikov variation"]
[ECO "B33"]
[Time "18:30:16"]
[TimeControl "2700+45"]

1. e4 c5 2. Nf3 Nc6 3. d4 cxd4 4. Nxd4 Nf6 5. Nc3 e5 6. Ndb5 d6 7. Bg5 a6 8. Na3
b5 9. Bxf6 gxf6 10. Nd5 f5 11. c3 Bg7 12. Bd3 Be6 13. Qh5 O-O 14. exf5 Bxd5 15.
f6 e4 16. fxg7 Re8 17. Be2 Re5 18. Qh6 Rg5 19. O-O Ne5 20. Rad1 Ng6 21. f4 exf3
22. Bxf3 Bxf3 23. Rxf3 Nh4 24. Rh3 Rxg2+ 25. Kh1 Rg4 26. Qxd6 Qg5 27. Rg3 Qf5
28. Qd5 Qxd5+ 29. Rxd5 Rxg7 30. Rgd3 f6 31. Rd8+ Rxd8 32. Rxd8+ Kf7 33. Rd7+ Kf8
34. Rxg7 Kxg7 35. Nc2 Nf3 36. Nb4 a5 37. Nc6 a4 38. Na7 b4 39. cxb4 Kf7 40. Nb5
Ne5 41. Nc3 Nd3 42. b5 Ke6 43. Nxa4 Kd5 44. Kg2 h5 45. Nc3+ Kc5 46. b3 f5 47.
Kf3 Kd4 48. Ne2+ Kc5 49. a4 h4 50. h3 Kb6 51. Nd4 f4 52. Kg4 Nf2+ 53. Kxh4 Kc5
54. Ne6+ {Black resigns} 1-0

[Event "Team 45 45 League T48"]
[Site "Internet Chess Club"]
[Date "2011.03.18"]
[Round "6"]
[White "theophilus"]
[Black "chess9793"]
[Result "1/2-1/2"]
[WhiteElo "2207"]
[BlackElo "2147"]
[Opening "Grünfeld: 5.Bg5"]
[ECO "D91"]
[Time "16:28:40"]
[TimeControl "2700+45"]

1. d4 Nf6 2. c4 g6 3. Nc3 d5 4. Nf3 Bg7 5. Bg5 Ne4 6. cxd5 Nxg5 7. Nxg5 e6 8.
Nf3 exd5 9. b4 Qd6 10. Qb3 Nc6 11. e3 Qxb4 12. Qxb4 Nxb4 13. Kd2 Bf5 14. a3 Nc6
15. Bb5 a6 16. Bxc6+ bxc6 17. Na4 f6 18. Rhc1 Bf8 19. Nh4 Bd7 20. Nf3 Bd6 21.
Ne1 a5 22. Nd3 Rb8 23. Nac5 Bf5 24. Rc3 Ke7 25. Rac1 Rb6 26. Na4 Rb7 27. Nac5
Rb6 28. Na4 Rb7 29. Nac5 {Game drawn by mutual agreement} 1/2-1/2

[Event "Team 45 45 League T48"]
[Site "Internet Chess Club"]
[Date "2011.03.26"]
[Round "6"]
[White "leland"]
[Black "mickeys"]
[Result "1/2-1/2"]
[WhiteElo "1857"]
[BlackElo "1957"]
[Opening "French: Fort Knox variation"]
[ECO "C03"]
[Time "19:30:15"]
[TimeControl "2700+45"]

1. e4 e6 2. d4 d5 3. Nd2 dxe4 4. Nxe4 Bd7 5. Nf3 Bc6 6. Bd3 Nd7 7. O-O Ngf6 8.
Ng3 Be7 9. Re1 O-O 10. c3 Re8 11. Bf4 Bd6 12. Bxd6 cxd6 13. Qe2 e5 14. dxe5 Nxe5
15. Nxe5 dxe5 16. Ne4 Bxe4 17. Bxe4 Nxe4 18. Qxe4 Qb6 19. b3 Rad8 20. Rad1 Rxd1
21. Rxd1 Rd8 22. Rxd8+ Qxd8 23. g3 Qe7 24. Kg2 g6 25. f4 Qa3 26. Qxe5 Qxa2+ 27.
Kh3 Qxb3 28. Qb8+ Kg7 29. Qxa7 Qe6+ 30. Kg2 Qd5+ 31. Kh3 Qh5+ 32. Kg2 Qd5+ 33.
Kh3 Qh5+ 34. Kg2 Qd5+ 35. Kh3 Qh5+ 36. Kg2 Qd5+ 37. Kh3 {Game drawn by
repetition} 1/2-1/2

[Event "Team 45 45 League T48"]
[Site "Internet Chess Club"]
[Date "2011.03.22"]
[Round "6"]
[White "Pacini"]
[Black "wilson97"]
[Result "1-0"]
[WhiteElo "1944"]
[BlackElo "1912"]
[Opening "Sicilian: closed"]
[ECO "B24"]
[Time "22:04:21"]
[TimeControl "2700+45"]

1. e4 c5 2. Nc3 Nc6 3. g3 g6 4. Bg2 Bg7 5. d3 e6 6. Be3 d6 7. Qd2 Nge7 8. Bh6
O-O 9. Bxg7 Kxg7 10. f4 d5 11. e5 Qa5 12. Nf3 d4 13. Ne4 Qxd2+ 14. Kxd2 b6 15.
Nd6 Nd5 16. Ng5 h6 17. Bxd5 exd5 18. Nxc8 Raxc8 19. Nf3 Rfe8 20. Rhe1 f6 21.
exf6+ Kxf6 22. a3 Re7 23. Rxe7 Nxe7 24. Re1 Nf5 25. Ne5 Ne3 26. h3 g5 27. Ng4+
Nxg4 28. hxg4 gxf4 29. gxf4 Rg8 30. Rh1 Rxg4 31. Rxh6+ Kg7 32. Rd6 Rxf4 33. Rxd5
Rf2+ 34. Kd1 Rf7 35. b4 Rc7 36. Rf5 Kg6 37. Rf4 Rh7 38. Kc1 Kg5 39. Rf8 Re7 40.
bxc5 bxc5 41. Rc8 Re5 42. Rc7 a6 43. Rc6 a5 44. a4 Kf4 45. Rf6+ Rf5 46. Re6 Re5
47. Rc6 Ke3 48. Rb6 c4 49. Rb5 Re8 50. dxc4 Rc8 51. Re5+ Kf4 52. Rxa5 Rxc4 53.
Kd2 Rc3 54. Ra8 Ra3 55. a5 Ke5 56. a6 Kd6 57. a7 Kc7 58. Rh8 Rxa7 59. Rh7+ Kb6
60. Rxa7 Kxa7 61. Kd3 Kb6 62. Kxd4 Kb5 63. Kd5 Kb4 64. c4 Ka5 65. Kd6 Kb6 66.
c5+ Kb7 67. Kd7 {Black resigns} 1-0

[Event "Team 45 45 League T48"]
[Site "Internet Chess Club"]
[Date "2011.03.19"]
[Round "6"]
[White "ice-cream"]
[Black "subterfuge"]
[Result "0-1"]
[WhiteElo "1767"]
[BlackElo "1798"]
[Opening "Caro-Kann: Steinitz variation"]
[ECO "B17"]
[Time "19:00:36"]
[TimeControl "2700+45"]

1. e4 c6 2. d4 d5 3. Nc3 dxe4 4. Nxe4 Nd7 5. Bc4 e6 6. Qe2 Ngf6 7. Ng5 Nb6 8.
Bb3 h6 9. N5f3 a5 10. c3 Bd6 11. Ne5 Qc7 12. f4 a4 13. Bc2 Nbd5 14. Ngf3 b5 15.
O-O Ba6 16. Re1 O-O 17. Bd2 c5 18. Rac1 Rfc8 19. Bb1 b4 20. c4 Qa7 21. Qf2 Nb6
22. Bxb4 Bxe5 23. fxe5 Nfd7 24. dxc5 Nxc4 25. Re4 Ncb6 26. Rg4 Nf8 27. Qg3 Ng6
28. Bxg6 fxg6 29. Rxg6 Nd5 30. Ba3 Qf7 31. Rxh6 Nf4 32. Kh1 Ne2 33. Qg4 Nxc1 34.
Ng5 Qf1# {White checkmated} 0-1

[Event "Team 45 45 League T48"]
[Site "Internet Chess Club"]
[Date "2011.03.21"]
[Round "6"]
[White "DieHappy"]
[Black "Vaigpertu"]
[Result "1-0"]
[WhiteElo "2558"]
[BlackElo "2246"]
[Opening "King's Indian: 3.g3"]
[ECO "E62"]
[Time "17:38:06"]
[TimeControl "2700+45"]

1. d4 Nf6 2. c4 g6 3. g3 Bg7 4. Bg2 O-O 5. Nc3 d6 6. Nf3 c6 7. O-O Qb6 8. b3 Qa5
9. Bb2 Qh5 10. e4 Bg4 11. Qd3 Nbd7 12. Nh4 e5 13. h3 Be6 14. d5 cxd5 15. cxd5
Nc5 16. Qd2 Bxh3 17. Bxh3 g5 18. Nf5 Qxh3 19. Qxg5 Ne8 20. f3 h6 21. Qe3 Bf6 22.
Rf2 Bg5 23. Qe2 Qh5 24. Rh2 Qg6 25. Rxh6 {Black resigns} 1-0

[Event "Team 45 45 League T48"]
[Site "Internet Chess Club"]
[Date "2011.03.18"]
[Round "6"]
[White "pestka"]
[Black "sandham"]
[Result "1/2-1/2"]
[WhiteElo "2348"]
[BlackElo "2138"]
[Opening "English opening"]
[ECO "A13"]
[Time "17:01:04"]
[TimeControl "2700+45"]

1. c4 e6 2. Nf3 c6 3. d4 d5 4. e3 Nf6 5. b3 Bd6 6. Bb2 O-O 7. Bd3 Nbd7 8. O-O
Qe7 9. Ne5 c5 10. Nd2 cxd4 11. exd4 Ba3 12. Bc3 Bb4 13. Bxb4 Qxb4 14. a3 Qe7 15.
Qc2 g6 16. Rfe1 b6 17. Nc6 Qd6 18. cxd5 exd5 19. Rac1 Kg7 20. b4 Bb7 21. Ne7
Rfe8 22. Qc7 Qxc7 23. Rxc7 Bc8 24. Nf3 Kf8 25. Nxc8 Rexc8 26. Rec1 Rxc7 27. Rxc7
Ke7 28. Ne5 Kd6 29. Rc6+ Ke7 30. Rc7 Kd6 31. Rc6+ Ke7 32. Rc7 {Game drawn by
repetition} 1/2-1/2

[Event "Team 45 45 League T48"]
[Site "Internet Chess Club"]
[Date "2011.03.20"]
[Round "6"]
[White "grabuark"]
[Black "Kolibri"]
[Result "1-0"]
[WhiteElo "2074"]
[BlackElo "2041"]
[Opening "Sicilian: Najdorf, 6...e6"]
[ECO "B95"]
[Time "13:01:12"]
[TimeControl "2700+45"]

1. e4 c5 2. Nf3 d6 3. d4 cxd4 4. Nxd4 Nf6 5. Nc3 a6 6. Bg5 e6 7. Qf3 Be7 8.
O-O-O Qc7 9. Qg3 Nbd7 10. f4 Nc5 11. Re1 h6 12. Bh4 O-O 13. e5 dxe5 14. fxe5 Nh7
15. Bxe7 Qxe7 16. Ne4 Nxe4 17. Rxe4 Qg5+ 18. Qxg5 Nxg5 19. Rf4 b5 20. h4 Nh7 21.
Rh3 Ra7 22. Bd3 Rc7 23. Be4 Bb7 24. Bxh7+ Kxh7 25. Nxe6 fxe6 26. Rxf8 Bxg2 27.
Rg3 Be4 28. Rf2 Bd5 29. Rf4 a5 30. b3 Kg8 31. c4 bxc4 32. bxc4 Bc6 33. Kc2 Ba4+
34. Kc3 h5 35. Rd3 Bd7 36. Rd6 Bc8 37. Rf2 Bd7 38. Rb2 Kf7 39. Kd4 Ke7 40. c5
Bc6 41. Rb6 Bd5 42. a4 g5 43. hxg5 h4 44. Rxd5 h3 45. Rdd6 Rc8 46. Rxe6+ Kf7 47.
Rh6 Rd8+ 48. Rbd6 Rb8 49. Rxh3 Rb4+ 50. Kd5 Rxa4 51. Rh7+ Kg8 52. Ra7 Rf4 53.
Rd8+ {Black resigns} 1-0

[Event "Team 45 45 League T48"]
[Site "Internet Chess Club"]
[Date "2011.03.19"]
[Round "6"]
[White "fledermaus"]
[Black "Ptzz"]
[Result "1/2-1/2"]
[WhiteElo "1929"]
[BlackElo "2111"]
[Opening "Nimzo-Indian: classical, Noa variation, 5.cd ed"]
[ECO "E35"]
[Time "15:05:56"]
[TimeControl "2700+45"]

1. d4 Nf6 2. c4 e6 3. Nc3 Bb4 4. Qc2 d5 5. cxd5 exd5 6. Bg5 h6 7. Bxf6 Qxf6 8.
e3 O-O 9. Bd3 Re8 10. Nf3 Nd7 11. a3 Bxc3+ 12. bxc3 c5 13. Qd2 Qd6 14. O-O Nf6
15. Ne5 Ne4 16. Qb2 b6 17. a4 Be6 18. f3 Nf6 19. Rfb1 c4 20. Bc2 Nd7 21. Nxd7
Bxd7 22. Re1 f5 23. e4 fxe4 24. fxe4 dxe4 25. Bxe4 Bc6 26. Qc2 Bxe4 27. Rxe4 Qc6
28. Rae1 Rf8 29. Re6 Qd7 30. Re7 Qg4 31. Qe4 Qxe4 32. R1xe4 Rf7 33. Rxf7 Kxf7
34. d5 Rd8 35. Rxc4 Rxd5 36. Rc7+ Kf8 37. Rxa7 Rc5 38. Ra6 Rxc3 39. Rxb6 Ra3 40.
Rb4 Ra2 41. h3 Kf7 42. Kh2 Kf6 43. Kg3 g5 44. h4 gxh4+ 45. Rxh4 Ra3+ 46. Kf2 Kg5
47. Rb4 Ra2+ 48. Kf3 Ra3+ 49. Kf2 Ra2+ 50. Kg3 Ra3+ 51. Kh2 Ra2 52. Kh3 Ra1 53.
Rb5+ Kf4 54. Rb4+ Kg5 55. Rc4 Kg6 56. Kh4 Ra2 57. Rc6+ Kg7 58. Rc4 Kf6 59. g3
Ra3 60. Rc6+ Kg7 61. Ra6 Ra1 62. Kg4 Ra3 63. Kf4 Ra1 64. a5 Rf1+ 65. Kg4 Ra1 66.
Ra8 Kg6 67. a6 Ra4+ 68. Kf3 Ra3+ 69. Kf4 Kf6 70. Rf8+ Kg7 71. Ra8 Kf6 72. Rf8+
{Game drawn by mutual agreement} 1/2-1/2

[Event "Team 45 45 League T48"]
[Site "Internet Chess Club"]
[Date "2011.03.21"]
[Round "6"]
[White "thestalemater"]
[Black "AugustoCaruso"]
[Result "1/2-1/2"]
[WhiteElo "2311"]
[BlackElo "2206"]
[Opening "Scotch gambit"]
[ECO "C44"]
[Time "18:00:12"]
[TimeControl "2700+45"]

1. e4 e5 2. Nf3 Nc6 3. d4 exd4 4. Bc4 Bc5 5. c3 dxc3 6. Bxf7+ Kxf7 7. Qd5+ Kf8
8. Qxc5+ Qe7 9. Qxe7+ Ngxe7 10. Nxc3 d5 11. exd5 Nb4 12. O-O Nexd5 13. Nxd5 Nxd5
14. Re1 Bg4 15. Ne5 Be6 16. Bg5 Rg8 17. Rac1 Re8 18. h4 h6 19. Be3 b6 20. b4 Ke7
21. Nc6+ Kd7 22. b5 Kc8 23. Nxa7+ Kb7 24. Nc6 Bf5 25. a4 Nxe3 26. Rxe3 Rxe3 27.
fxe3 Be6 28. Rd1 Bb3 29. Ra1 Bc4 30. Rc1 Be6 31. Nd4 Bd5 32. Rb1 g5 33. h5 Re8
34. Kf2 Rf8+ 35. Kg1 Re8 36. Re1 Re4 37. Rd1 Bf7 38. Kf2 Bxh5 39. Rh1 Rh4 40.
Rxh4 gxh4 41. e4 Bd1 42. e5 Bg4 43. e6 Kc8 44. Ke3 h3 45. gxh3 Bxh3 46. Kf4 h5
47. Kg5 Bg4 48. e7 Kd7 49. Kf6 h4 50. Kf7 Bh5+ 51. Kf8 h3 52. Nf3 Kd6 53. e8=Q
Bxe8 54. Kxe8 c5 55. bxc6 Kxc6 56. Kf7 {Game drawn by mutual agreement} 1/2-1/2